 Dungeon Crawl Stone Soup version 0.29-a0-1052-g6990b1bffc (webtiles) character file.

Game seed: 13891811901309516637

3598 yokelz the Carver (level 9, -6/79 HPs)
             Began as a Minotaur Berserker on Aug 17, 2022.
             Was a Priest of Trog.
             Mangled by a two-headed ogre
             ... wielding a +0 giant club
              (9 damage)
             ... on level 8 of the Dungeon.
             The game lasted 00:13:39 (6936 turns).

yokelz the Carver (Minotaur Berserker)              Turns: 6936, Time: 00:13:41

Health: -6/79      AC: 13    Str: 21    XL:     9   Next: 85%
Magic:  8/8        EV: 10    Int:  4    God:    Trog [***...]
Gold:   478        SH:  0    Dex: 15    Spells: 8/8 levels left

rFire   + . .      SeeInvis .   t - +0 quarterstaff (spect)
rCold   . . .      Faith    .   (shield currently unavailable)
rNeg    . . .      Spirit   .   E - +0 chain mail
rPois   .          Reflect  .   (helmet restricted)
rElec   .          Harm     .   (no cloak)
rCorr   .          Rampage  .   D - +0 pair of gloves
Will    .....                   l - +0 pair of boots
Stlth   ..........              d - amulet of the acrobat
HPRegen 0.23/turn               o - ring of protection from fire
MPRegen 0.11/turn               (no ring)

@: no status effects
A: horns 2, retaliatory headbutt
a: Renounce Religion, Berserk, Trog's Hand


You were on level 8 of the Dungeon.
You worshipped Trog.
Trog was most pleased with you.
You visited 1 branch of the dungeon, and saw 8 of its levels.

You collected 478 gold pieces.

Inventory:

Hand Weapons
 a - a +0 falchion
 t - a +0 spectral quarterstaff (weapon)
 B - a +0 great sword
Missiles
 r - 4 boomerangs (quivered)
 s - 4 poisoned darts
Armour
 k - a +0 ring mail
 l - a +0 pair of boots (worn)
 D - a +0 pair of gloves (worn)
 E - a +0 chain mail (worn)
Jewellery
 d - an amulet of the acrobat (around neck)
 o - a ring of protection from fire (left hand)
 p - a +4 ring of evasion
Scrolls
 b - a scroll of magic mapping {unknown}
 f - a scroll of brand weapon {unknown}
 i - 8 scrolls of identify
 j - a scroll of fog {unknown}
 n - 3 scrolls of enchant armour {unknown}
 u - 2 scrolls of teleportation {unknown}
 w - a scroll of torment {unknown}
 x - 2 scrolls of noise {unknown}
 y - 2 scrolls of enchant weapon {unknown}
Potions
 c - 2 potions of flight {unknown}
 e - 2 potions of invisibility {unknown}
 g - 3 potions of curing
 h - a potion of haste {unknown}
 m - 2 potions of lignification
 q - a potion of heal wounds {unknown}
 v - a potion of mutation {unknown}
 z - a potion of berserk rage {unknown}
 A - 2 potions of degeneration {unknown}
 C - a potion of brilliance {unknown}


   Skills:
 - Level 7.1 Fighting
 + Level 10.6 Long Blades
 - Level 4.9 Throwing
 - Level 6.6 Armour
 - Level 6.0 Dodging
 - Level 4.4 Evocations


You had 8 spell levels left.
You didn't know any spells.
Your spell library was empty.

Dungeon Overview and Level Annotations

Branches:
Dungeon (9/15)                Orc (0/2) D:9
 Temple: D:4-7         Lair: D:8-11

Altars:
Ashenzari
Gozag
Makhleb
Okawaru
Trog
Vehumet
Wu Jian
Zin

Shops:
D:2 [   D:4 *   D:5 =

Annotations:
D:4 exclusion: statue
D:8 2 transporters, carontestyx's ghost, novice SpHu


Innate Abilities, Weirdness & Mutations

You have a pair of horns on your head.
You reflexively headbutt those who attack you in melee.


Message History

You hit the orc warrior.
The orc warrior is moderately wounded.
Your +0 spectral quarterstaff hits the orc warrior.
The orc warrior barely misses you. You furiously retaliate!
You headbutt the orc warrior, but do no damage.
An orc wizard comes into view.
It is wielding a +2 dagger of electrocution.
You thump the orc warrior! Your headbutt misses the orc warrior.
The orc warrior is severely wounded.
Your +0 spectral quarterstaff barely misses the orc warrior.
The orc warrior hits you with a +0 long sword.
You hit the orc warrior.
The orc warrior is severely wounded.
Your +0 spectral quarterstaff closely misses the orc warrior.
The orc warrior hits you but does no damage.
You climb upwards.
Level annotation: 2 transporters, carontestyx's ghost, novice SpHu
There is a stone staircase leading down here.
The two-headed ogre attacks as you move away!
The two-headed ogre closely misses you.
The two-headed ogre hits you with a +0 giant spiked club!!
The two-headed ogre attacks as you move away!
The two-headed ogre completely misses you.
The two-headed ogre misses you.
You hit the two-headed ogre. You headbutt the two-headed ogre!
The two-headed ogre is moderately wounded.
Your +0 spectral quarterstaff hits the two-headed ogre!
The two-headed ogre barely misses you.
The two-headed ogre completely misses you.
You sock the two-headed ogre!
The two-headed ogre is heavily wounded.
Your +0 spectral quarterstaff barely misses the two-headed ogre.
The two-headed ogre hits you with a +0 giant club!!
* * * LOW HITPOINT WARNING * * *
The two-headed ogre hits you with a +0 giant spiked club!
* * * LOW HITPOINT WARNING * * *
You barely miss the two-headed ogre.
The two-headed ogre is heavily wounded.
Your +0 spectral quarterstaff hits the two-headed ogre!
The two-headed ogre hits you with a +0 giant club!
You die...

###.######.#.#.#.##...)....#####
....#..#...#...#.##.#)#####....#
....#..#.........##.#.#####....#
............#######.#..........#
.....#..............'..........##
####...####.........#...........#
######.##############.......#...#
##......>......O(# #.......#...#
##....)#########@# #.......#...#
##.....# #.######....##...#
##.....# #.#....#....##.<.#
##.....# #.#....#....######
##.....# #.#....#....# ##.....#
#.#....#....# ##.....#
#.#.[..#....# #......#
#.#....#....# #......#
#.#...)#)...#


You could see a two-headed ogre and a friendly +0 spectral quarterstaff
(summoned).

Vanquished Creatures
  A troll (D:9)
  A vampire (D:9)
  4 yaks (D:9)
  A water moccasin (D:4)
  3 sky beasts
  3 orc warriors
  2 black bears
  4 ice beasts
  An ogre (D:7)
  2 kobold brigands (D:9)
  Blork the orc (D:4)
  4 bullfrogs
  4 wights (D:8)
  4 killer bees
  4 howler monkeys
  A hound (D:4)
  An orc priest (D:8)
  An iguana (D:4)
  4 orc wizards
  6 adders
  3 white imps
  An ufetubus (D:4)
  A worm (D:3)
  A dart slug (D:4)
  20 orcs
  5 endoplasms
  6 giant cockroaches
  4 goblins
  5 hobgoblins
  2 jackals (D:3)
  4 quokkas
  6 ball pythons
  5 bats
  6 frilled lizards
  2 kobolds
  7 rats
130 creatures vanquished.

Vanquished Creatures (others)
  A two-headed ogre (D:9)
  A centaur (D:9)
2 creatures vanquished.

Grand Total: 132 creatures vanquished

Notes
Turn   | Place    | Note
-------+----------+-------------------------------------------
     0 | D:1      | yokelz the Minotaur Berserker began the quest for the Orb.
     0 | D:1      | Reached XP level 1. HP: 19/19 MP: 0/0
   123 | D:1      | Reached skill level 4 in Long Blades
   342 | D:1      | Reached XP level 2. HP: 26/26 MP: 1/1
   943 | D:1      | Found a faded altar of an unknown god.
  1093 | D:2      | Reached skill level 5 in Long Blades
  1252 | D:2      | Reached XP level 3. HP: 20/31 MP: 2/2
  1424 | D:2      | Found Peblaf's Antique Armour Boutique.
  1752 | D:3      | Reached ** piety under Trog
  1981 | D:3      | Found a bloodstained altar of Trog.
  1993 | D:3      | Reached skill level 6 in Long Blades
  1993 | D:3      | Reached XP level 4. HP: 39/39 MP: 3/3
  2469 | D:4      | Noticed a water moccasin
  2484 | D:4      | Reached XP level 5. HP: 31/46 MP: 4/4
  2491 | D:4      | Reached skill level 1 in Throwing
  2491 | D:4      | Reached skill level 1 in Evocations
  2497 | D:4      | Killed a water moccasin
  2498 | D:4      | Reached XP level 6. HP: 26/52 MP: 5/5
  2669 | D:4      | Found an iron altar of Okawaru.
  2748 | D:4      | Found a radiant altar of Vehumet.
  2814 | D:4      | Noticed Blork the orc
  2820 | D:4      | Killed Blork the orc
  2825 | D:4      | Found Mazyerruc's Overcharged Wands.
  3032 | D:5      | Entered Level 5 of the Dungeon
  3079 | D:5      | Found Epnelli's Jewellery Shoppe.
  3079 | D:5      | You fall into a shaft and drop 2 floors!
  3139 | D:7      | Noticed an ice beast
  3145 | D:7      | Killed an ice beast
  3146 | D:7      | Reached XP level 7. HP: 60/60 MP: 6/6
  3212 | D:7      | Reached skill level 5 in Fighting
  3312 | D:7      | Found a glowing silver altar of Zin.
  3845 | D:7      | Reached XP level 8. HP: 63/69 MP: 7/7
  3956 | D:8      | Found a transporter.
  3962 | D:8      | Reached skill level 5 in Armour
  3985 | D:8      | Noticed carontestyx's ghost (novice SpHu)
  3987 | D:8      | Noticed a moth of wrath
  4020 | D:8      | Found a transporter.
  4379 | D:8      | Reached skill level 5 in Dodging
  4449 | D:8      | Reached *** piety under Trog
  4524 | D:8      | Found a broken altar of Ashenzari.
  4543 | D:8      | Found an opulent altar of Gozag.
  4570 | D:8      | Found a burning altar of Makhleb.
  4798 | D:8      | Reached XP level 9. HP: 72/78 MP: 8/8
  5071 | D:9      | Found a staircase to the Orcish Mines.
  5499 | D:9      | HP: 2/79 [something (26)]
  6175 | D:9      | Reached skill level 7 in Long Blades
  6187 | D:9      | Reached skill level 8 in Long Blades
  6187 | D:9      | Noticed a two-headed ogre
  6375 | D:9      | Noticed a troll
  6385 | D:9      | Killed a troll
  6398 | D:9      | Reached skill level 9 in Long Blades
  6409 | D:9      | Reached skill level 10 in Long Blades
  6840 | D:9      | Found an ornate altar of the Wu Jian Council.
  6883 | D:9      | Killed a two-headed ogre
  6935 | D:8      | HP: 2/79 [two-headed ogre/+0 giant club (16)]
  6936 | D:8      | Mangled by a two-headed ogre

Illustrated notes

Levels and vault maps discovered:
D:1:      dpeg_arrival_prison, layout_loops_ring,
          shapermc_ecumenical_altar_mp_highgroup, chequers_mini_garden
D:2:      layout_basic, serial_shops, nicolae_shop_trees,
          hangedman_feature_mirror, palyth_stone_intersect,
          nicolae_elevator_lobby_asterisk
D:3:      layout_rooms, bloody_trog, minmay_surrounded
D:4:      layout_basic, old_standard_altar, vehumet_statue,
          nicolae_shop_overcharged_wands, uniq_blork_the_orc
D:5:      layout_cave_pods, mainiacjoe_overflow_swirl,
          minmay_temple_entry_trees, serial_shops, shop, portal_sewer_entry_a
D:7:      layout_loops_corners, zin_academy
D:8:      layout_basic, grunt_temple_overflow_open,
          gammafunk_ghost_berserking_beasts
D:9:      layout_rooms, lemuel_crystal_altar, general_overflow_altar,
          xom_confusion_cloud, nicolae_overflow_crystal_walls,
          minmay_misc_feat_tiny

Skill      XL: |  1  2  3  4  5  6  7  8  9 |
---------------+----------------------------+-----
Long Blades    | 4 5 6 10 | 10.6
Fighting       | 4 5 6 7 |  7.1
Throwing       | 1 2 3 4 |  4.9
Armour         | 3 4 6 |  6.6
Evocations     | 1 2 3 4 |  4.4
Dodging        | 3 4 5 6 |  6.0

Action                   |  1- 3 |  4- 6 |  7- 9 || total
-------------------------+-------+-------+-------++-------
Melee: Falchion          |    93 |    25 |       ||   118
       Headbutt          |    13 |     9 |    34 ||    56
       Punch             |     1 |     1 |       ||     2
       Quarterstaff      |       |    49 |   150 ||   199
Invok: Berserk           |       |     1 |       ||     1
  Use: Potion            |       |       |     2 ||     2
       Scroll            |       |       |     1 ||     1
Armor: Animal skin       |     7 |       |       ||     7
       Ring mail         |    11 |    32 |    40 ||    83
       Chain mail        |       |       |    13 ||    13
       Skin              |       |       |     5 ||     5
Dodge: Dodged            |    80 |    44 |   117 ||   241

Table legend: (Time is in decaauts)
 A = Elapsed time spent in this place.
 B = Non-inter-level travel time spent in this place.
 C = Inter-level travel time spent in this place.
 D = Time resting spent in this place.
 E = Time spent auto-exploring this place.
 F = Levels seen in this place.
 G = Mean time per level.
                   A        B        C        D        E       F      G
               +--------+--------+--------+--------+--------+-----+--------+
         Total |   7017 |   6830 |    187 |   2045 |   3728 |   8 |  877.1 |
       Dungeon |   7017 |   6830 |    187 |   2045 |   3728 |   8 |  877.1 |
               +--------+--------+--------+--------+--------+-----+--------+

Top non-repeatable levels by time:
     D:8: 2806 daAuts
     D:1: 995 daAuts
     D:7: 883 daAuts
     D:2: 751 daAuts
     D:3: 715 daAuts
     D:4: 592 daAuts
     D:9: 225 daAuts
     D:5: 48 daAuts
